 Dungeon Crawl Stone Soup version 0.21-a0-401-g0b6bec4 (webtiles) character file.

11599 KristoblXynda the Destroyer (level 11, -8/64 HPs)
             Began as a Tengu Conjurer on Oct 25, 2017.
             Was an Elder of Vehumet.
             Mangled by a spiny frog (10 damage)
             ... on level 3 of the Lair of Beasts.
             The game lasted 00:39:41 (14828 turns).

KristoblXynda the Destroyer (Tengu Conjurer)       Turns: 14828, Time: 00:39:41

Health: -8/64      AC:  6    Str:  8    XL:     11   Next: 80%
Magic:  18/25      EV:  2    Int: 18    God:    Vehumet [****..]
Gold:   417        SH:  0    Dex: 20    Spells: 13/29 levels left

rFire    . . .     SeeInvis .   w - +3 whip (flame)
rCold    . . .     Gourm    .   t - +0 buckler
rNeg     + + +     Faith    .   E - +1 leather armour "Surphar" {rN+}
rPois    ∞         Spirit   .   (helmet restricted)
rElec    .         Reflect  +   H - +0 cloak
rCorr    .         Harm     .   h - +0 pair of gloves
MR       +....                  (boots unavailable)
Stlth    +++.......             i - +6 amulet of reflection
HPRegen  0.20/turn              p - ring of protection from magic
MPRegen  0.19/turn              s - +4 ring of dexterity

@: lethally poisoned (-8 -> -8), about to teleport, petrified, very slightly
contaminated
A: beak, talons 3, large bone plates 1, mutation resistance 1, able to fly 1
a: Fly, Renounce Religion


You were on level 3 of the Lair of Beasts.
You worshipped Vehumet.
Vehumet was greatly pleased with you.
You were not hungry.

You visited 3 branches of the dungeon, and saw 14 of its levels.
You also visited: Sewer and Ossuary.

You collected 497 gold pieces.
You spent 80 gold pieces at shops.

Inventory:

Hand Weapons
 w - a +3 whip of flaming (weapon)
Missiles
 J - a throwing net (quivered)
Armour
 h - a +0 pair of gloves (worn)
 t - a +0 buckler (worn)
 x - a +0 shield
 E - the +1 leather armour "Surphar" (worn) {rN+}
   (You found it on level 2 of the Lair of Beasts)

   It protects you from negative energy.
 H - a +0 cloak (worn)
Jewellery
 i - a +6 amulet of reflection (around neck)
 p - a ring of protection from magic (left hand)
 s - a +4 ring of dexterity (right hand)
Wands
 D - a wand of lightning (7/15)
Scrolls
 d - 7 scrolls of remove curse
 k - 5 scrolls of teleportation
 o - 3 scrolls of fog
 r - 4 scrolls of recharging
 y - a scroll of amnesia
 A - a scroll of identify
 G - a scroll of magic mapping
Potions
 f - 3 potions of brilliance
 j - a potion of invisibility
 l - 6 potions of flight
 n - a potion of lignification
 q - 4 potions of agility
 u - a potion of magic
 v - a potion of haste
 z - 3 potions of resistance
 B - 2 potions of ambrosia
 C - 2 potions of mutation
Books
 b - a book of Ice

   Spells                             Type                      Level
   a - Ice Form                       Ice/Transmutation            4
   b - Metabolic Englaciation         Hexes/Ice                    5
   c - Ozocubu's Refrigeration        Ice                          6
   d - Bolt of Cold                   Conjuration/Ice              6
   e - Freezing Cloud                 Conjuration/Ice/Air          6
   f - Simulacrum                     Ice/Necromancy               6
 e - a book of Cantrips

   Spells                             Type                      Level
   a - Confusing Touch                Hexes                        1
   b - Animate Skeleton               Necromancy                   1
   c - Summon Small Mammal            Summoning                    1
   d - Apportation                    Translocation                1
Comestibles
 a - 2 royal jellies
 c - 7 bread rations
 g - 10 chunks of flesh
 m - 2 fruits
 K - 5 meat rations


   Skills:
 + Level 5.2 Fighting
 - Level 7.3 Maces & Flails
 - Level 3.2 Armour
 - Level 4.0 Dodging
 - Level 6.1 Stealth
 - Level 4.2 Shields
 + Level 9.8 Spellcasting
 + Level 11.7 Conjurations
 + Level 4.4 Evocations


You had 13 spell levels left.
You knew the following spells:

 Your Spells              Type           Power        Failure   Level  Hunger
a - Magic Dart            Conj           ####         1%          1    None
b - Iskenderun's Mystic   Conj           ######..     1%          4    ###....
c - Dazzling Spray        Conj/Hex       ####..       1%          3    None
d - Sticky Flame          Conj/Fire      ####....     2%          4    ###....
e - Force Lance           Conj/Tloc      ####....     2%          4    ###....


Dungeon Overview and Level Annotations

Branches:
Dungeon (10/15)            Temple (1/1) D:5            Lair (3/6) D:8
    Orc (0/2) D:10
  Swamp: Lair:2-4    Shoals: Lair:2-4     Snake: Lair:2-4    Spider: Lair:2-4

Altars:
Ashenzari
Cheibriados
Dithmenos
Elyvilon
Fedhas
Gozag
Hepliaklqana
Kikubaaqudgha
Makhleb
Nemelex Xobeh
Okawaru
Qazlal
Ru
Sif Muna
Trog
Uskayaw
Vehumet
Wu Jian
Xom
Yredelemnul
Zin
The Shining One

Shops:
D:8 !

Annotations:
D:4 tof's ghost, amateur MiMo
D:8 lauthentik's ghost, novice HOFi


Innate Abilities, Weirdness & Mutations

You have a beak for a mouth.
You have claws for feet.
You can fly.
You are partially covered in large bone plates. (SH +4)
You are somewhat resistant to further mutation.


Message History

Unknown command.
The basilisk burns! x2; The spiny frog stings you!!
* * * LOW HITPOINT WARNING * * *
The spiny frog stings you!
* * * LOW HITPOINT WARNING * * *
Your limbs are stiffening.
Unknown command.
Okay, then.
As you read the scroll of teleportation, it crumbles to dust.
You feel strangely unstable.
The basilisk burns!
The spiny frog stings you.
* * * LOW HITPOINT WARNING * * *
The basilisk gazes at you. You resist with almost no effort.
The spiny frog stings you!
* * * LOW HITPOINT WARNING * * *
You have turned to stone.
The basilisk burns!
You kill the basilisk!
Vehumet accepts your kill.
You feel your power returning. The spiny frog stings you!!
You die...

##.#.#.##..............#
##.....#.....##...PP.......#.##
#(.....+.......+(.PP#.#+.##...#
#.....##.....##...##.....##.##
##..... #......#....#.....##.#
#......#.#.#........##...###.#
#.......####.##.....P....###.#
#............................##
..........!..F@...............P
..............................#
.............................##
.............................#
...................[.........#
........[....................#
....................#..#+#...#
..........#.P.......##...#...#
.##.......#....#P..##


You could see a spiny frog.

Vanquished Creatures
  A hydra (Lair:1)
  A two-headed ogre (D:8)
  A manticore (D:8)
  An elephant (D:8)
  Joseph (D:8)
  3 spiny frogs
  2 rime drakes
  The ghost of tof the Slasher, an amateur MiMo (Sewer)
  7 hippogriffs
  11 yaks
  A wyvern (Lair:3)
  4 basilisks
  2 hungry ghosts (D:8)
  Duvessa (D:7)
  4 water moccasins
  2 orc warriors
  2 black bears
  A sky beast (D:8)
  3 phantoms
  5 ogres
  4 centaurs
  2 crocodiles
  A big kobold (D:8)
  5 bullfrogs
  A water moccasin zombie (Ossuary)
  Dowan (D:7)
  2 scorpions
  4 wights (D:7)
  An electric eel (Lair:2)
  A howler monkey (D:6)
  A crimson imp (D:6)
  A bullfrog zombie (D:7)
  2 orc priests
  A centaur skeleton (D:4)
  An iguana (D:7)
  5 orc wizards
  6 worker ants
  A big kobold zombie (Ossuary)
  A hound zombie (D:4)
  2 mummies (Ossuary)
  4 gnolls (D:4)
  A howler monkey skeleton (D:4)
  7 adders
  2 shadow imps
  4 oozes
  3 adder zombies (Ossuary)
  An adder skeleton (D:5)
  8 worms
  2 dart slugs (D:2)
  5 leopard geckos
  23 orcs
  5 ball pythons
  7 giant cockroaches
  7 hobgoblins
  12 jackals
  13 kobolds
  4 quokkas
  9 bats
  3 frilled lizards
  A giant cockroach zombie (D:5)
  3 gnoll zombies (Ossuary)
  6 goblins
  5 hobgoblin zombies (Ossuary)
  7 kobold zombies (Ossuary)
  4 orc zombies (Ossuary)
  6 rats
249 creatures vanquished.

Vanquished Creatures (others)
  A centaur (D:7)
  A kobold (D:1)
  3 fungi
  A plant (Lair:1)
6 creatures vanquished.

Grand Total: 255 creatures vanquished

Notes
Turn   | Place    | Note
-------+----------+-------------------------------------------
     0 | D:1      | KristoblXynda the Tengu Conjurer began the quest for the Orb.
     0 | D:1      | Reached XP level 1. HP: 10/10 MP: 4/4
    69 | D:1      | Found a snail-covered altar of Cheibriados.
   199 | D:1      | Reached XP level 2. HP: 15/15 MP: 0/6
  1069 | D:2      | Reached XP level 3. HP: 19/19 MP: 8/8
  1074 | D:2      | Found a sparkling altar of Nemelex Xobeh.
  1213 | D:2      | Reached skill level 6 in Conjurations
  1410 | D:2      | Found a radiant altar of Vehumet.
  1444 | D:2      | Became a worshipper of Vehumet
  1833 | D:2      | Reached skill level 1 in Fighting
  1833 | D:2      | Reached XP level 4. HP: 25/25 MP: 5/9
  1893 | D:3      | Found a shimmering altar of Xom.
  1893 | D:3      | Found a shattered altar of Ashenzari.
  2056 | D:4      | Found a glowing drain.
  2075 | D:4      | Learned a level 4 spell: Iskenderun's Mystic Blast
  2081 | Sewer    | Entered a sewer
  2313 | Sewer    | Noticed tof's ghost (amateur MiMo)
  2318 | Sewer    | Learned a level 3 spell: Dazzling Spray
  2339 | Sewer    | Gained mutation: You are frail. (-10% HP) [potion of mutation]
  2339 | Sewer    | Gained mutation: You have a pair of small horns on your head. [potion of mutation]
  2363 | Sewer    | Killed tof's ghost
  2363 | Sewer    | Reached skill level 7 in Conjurations
  2363 | Sewer    | Gained mutation: You can fly. [Tengu growth]
  2363 | Sewer    | Reached XP level 5. HP: 16/28 MP: 3/12
  2363 | Sewer    | Reached XP level 6. HP: 19/33 MP: 3/13
  2459 | Sewer    | Lost mutation: You have a pair of small horns on your head. [potion of mutation]
  2459 | Sewer    | Lost mutation: You are frail. (-10% HP) [potion of mutation]
  2459 | Sewer    | Gained mutation: You are partially covered in large bone plates. (SH +4) [potion of mutation]
  2459 | Sewer    | Gained mutation: You are somewhat resistant to further mutation. [potion of mutation]
  2761 | Sewer    | Reached * piety under Vehumet
  2761 | Sewer    | Offered knowledge of Flame Tongue by Vehumet.
  2912 | D:4      | Reached skill level 1 in Armour
  3177 | D:4      | Noticed a phantom
  3191 | D:4      | Killed a phantom
  3191 | D:4      | Reached XP level 7. HP: 41/41 MP: 2/14
  3478 | D:4      | Reached skill level 8 in Conjurations
  3607 | D:4      | Noticed tof's ghost (amateur MiMo)
  4045 | D:3      | Found a shadowy altar of Dithmenos.
  4822 | D:5      | Entered Level 5 of the Dungeon
  4960 | D:5      | Found a sand-covered staircase.
  4964 | Ossuary  | Entered an ossuary
  5077 | Ossuary  | Reached skill level 5 in Spellcasting
  5080 | Ossuary  | Reached ** piety under Vehumet
  5080 | Ossuary  | Offered knowledge of Throw Flame by Vehumet.
  5147 | Ossuary  | Reached XP level 8. HP: 42/46 MP: 12/16
  5310 | Ossuary  | Reached skill level 1 in Shields
  5531 | D:5      | Found a staircase to the Ecumenical Temple.
  5705 | D:5      | Reached skill level 9 in Conjurations
  6035 | D:5      | Offered knowledge of Inner Flame by Vehumet.
  6363 | Temple   | Entered the Ecumenical Temple
  6750 | D:6      | Reached *** piety under Vehumet
  7605 | D:6      | Reached skill level 10 in Conjurations
  7605 | D:6      | Reached XP level 9. HP: 36/50 MP: 12/19
  7709 | D:6      | Offered knowledge of Sticky Flame by Vehumet.
  7718 | D:6      | Learned a level 4 spell: Sticky Flame
  7932 | D:7      | Found a blossoming altar of Fedhas.
  7937 | D:7      | Reached skill level 1 in Maces & Flails
  8121 | D:7      | Noticed Duvessa
  8131 | D:7      | Noticed Dowan
  8143 | D:7      | Killed Duvessa
  8149 | D:7      | Killed Dowan
  8329 | D:7      | Found an opulent altar of Gozag.
  8940 | D:8      | You fall through a shaft for 2 floors!
  8940 | D:10     | Entered Level 10 of the Dungeon
  8940 | D:10     | Found a staircase to the Orcish Mines.
  9010 | D:8      | Reached **** piety under Vehumet
  9054 | D:8      | Reached XP level 10. HP: 54/56 MP: 14/22
  9102 | D:8      | Noticed an elephant
  9128 | D:8      | Found Qoykkis's Distillery.
  9135 | D:8      | Found a staircase to the Lair.
  9139 | D:8      | Noticed lauthentik's ghost (novice HOFi)
  9310 | D:8      | Noticed Joseph
  9332 | D:8      | Killed Joseph
  9332 | D:8      | Reached skill level 5 in Maces & Flails
  9390 | D:8      | HP: 1/84 [lauthentik's ghost (6)]
 10251 | D:8      | Killed an elephant
 10251 | D:8      | Reached skill level 5 in Stealth
 10381 | D:8      | Bought a potion of heal wounds for 80 gold pieces
 10390 | D:8      | Noticed a two-headed ogre
 10405 | D:8      | Killed a two-headed ogre
 10654 | D:8      | Noticed a manticore
 10661 | D:8      | Killed a manticore
 10922 | Lair:1   | Entered Level 1 of the Lair of Beasts
 10959 | Lair:1   | Reached skill level 1 in Evocations
 11056 | Lair:1   | Learned a level 4 spell: Force Lance
 11105 | Lair:1   | Reached XP level 11. HP: 54/60 MP: 13/25
 11106 | Lair:1   | Noticed a six-headed hydra
 11144 | Lair:1   | HP: 3/60 [six-headed hydra (4)]
 12508 | Lair:1   | Killed a six-headed hydra
 12508 | Lair:1   | Reached skill level 11 in Conjurations
 12747 | Lair:2   | Offered knowledge of Bolt of Magma by Vehumet.
 13056 | Lair:2   | HP: 2/62 [yak (13)]
 14131 | Lair:2   | Reached skill level 5 in Fighting
 14153 | Lair:2   | Got a dazzling leather armour
 14169 | Lair:2   | Identified the cursed +1 leather armour "Surphar" {rN+} (You found it on level 2 of the Lair of Beasts)
 14827 | Lair:3   | HP: 1/64 [spiny frog (9)]
 14828 | Lair:3   | Mangled by a spiny frog

Vault maps used:
D:1:      sevenhm_arrival_forest_fort_large_2, cheibriados_altar_1
D:2:      lemuel_doored_altar, nemelex_diamond_rough_becter
D:3:      grunt_dithmenos_smoke, gammafunk_temple_overflow_elements,
          first_bread, roderic_roman_lattice
D:4:      cheibrodos_sewer_entry_drain
D:5:      minmay_temple_entry_overgrown, enter_ossuary_5
D:6:      minmay_misc_feat_pillars
D:7:      fedhas_altar_3, grunt_gozag_statues, grunt_ogre_cave, uniq_duvessa
D:8:      david_lair_generic, serial_shops, nicolae_shop_crystal,
          minmay_radiant, uniq_joseph
D:9:      kennysheep_mini
D:10:     orc_0_dummy
Temple:   regret_index_temple_generic_petals
Lair:1:   minmay_stone_trees_small
Lair:2:   nicolae_quartered_pool_super
Lair:3:   fungi_pond_lemuel, guppyfry_lair_drakes
Sewer:    sewer_fruit_machine
Ossuary:  ossuary_tomb_2

Skill      XL: |  1  2  3  4  5  6  7  8  9 10 11 |
---------------+----------------------------------+-----
Conjurations   | 6 7 8 10 11 | 11.7
Fighting       | 1 3 5 |  5.2
Spellcasting   | 4 5 6 7 9 |  9.8
Armour         | 1 3 |  3.2
Shields        | 3 4 |  4.2
Maces & Flails | 4 7 |  7.3
Dodging        | 4 |  4.0
Stealth        | 3 6 |  6.1
Evocations     | 1 4 |  4.4

Action                   |  1- 3 |  4- 6 |  7- 9 | 10-12 || total
-------------------------+-------+-------+-------+-------++-------
Melee: Dagger            |    29 |    89 |   362 |       ||   480
       Kick              |     8 |    26 |   153 |    59 ||   246
       Peck              |     2 |    18 |    91 |    29 ||   140
       Headbutt          |       |     3 |       |       ||     3
       Whip              |       |       |   112 |   177 ||   289
 Cast: Magic Dart        |    46 |   104 |    64 |     5 ||   219
       Iskenderun's Myst |       |     3 |    57 |    47 ||   107
       Dazzling Spray    |       |     2 |     9 |    25 ||    36
       Sticky Flame      |       |       |       |    30 ||    30
       Force Lance       |       |       |       |     8 ||     8
 Abil: Fly               |       |       |     1 |     1 ||     2
Evoke: Wand              |       |       |       |     7 ||     7
  Use: Scroll            |       |    12 |    11 |     8 ||    31
       Potion            |       |     6 |       |     8 ||    14
 Stab: Sleeping          |     2 |       |     4 |     2 ||     8
       Invisible         |       |       |     2 |     9 ||    11
       Distracted        |       |       |       |     1 ||     1
  Eat: Chunk             |     2 |     6 |    15 |     6 ||    29
       Fruit             |       |     1 |     7 |     1 ||     9
       Meat ration       |       |       |     1 |     1 ||     2
       Royal jelly       |       |       |     1 |     1 ||     2
       Bread ration      |       |       |       |     3 ||     3
Armor: Robe              |     3 |    18 |       |       ||    21
       Leather armour    |       |       |    89 |    16 ||   105
       Skin              |       |       |       |     8 ||     8
Dodge: Dodged            |    17 |    77 |   147 |    90 ||   331
Block: Other             |     6 |    46 |   127 |       ||   179
       Reflection        |     1 |       |    15 |       ||    16
       Buckler           |       |       |   141 |   171 ||   312

Table legend:
 A = Spawn XP
 B = Non-spawn XP
 C = Spawn XP percentage of total XP
 D = Spawn monster count
 E = Non-spawn monster count
 F = Spawn count percentage of total count
 G = Total turns spent on level
                    A         B        C        D         E        F      G
               +---------+---------+-------+---------+---------+-------+---------
         Total |       0 |   16571 |   0.0 |       0 |     251 |   0.0 | 14828
               +---------+---------+-------+---------+---------+-------+---------
           D:1 |       0 |      24 |   0.0 |       0 |      15 |   0.0 |  1009
           D:2 |       0 |      73 |   0.0 |       0 |      17 |   0.0 |   864
           D:3 |       0 |      83 |   0.0 |       0 |      18 |   0.0 |  1056
           D:4 |       0 |     487 |   0.0 |       0 |      23 |   0.0 |  1103
           D:5 |       0 |     389 |   0.0 |       0 |      15 |   0.0 |  1001
           D:6 |       0 |    1056 |   0.0 |       0 |      22 |   0.0 |  1310
           D:7 |       0 |    1468 |   0.0 |       0 |      28 |   0.0 |  1160
           D:8 |       0 |    4601 |   0.0 |       0 |      26 |   0.0 |  2078
           D:9 |       0 |       3 |   0.0 |       0 |       1 |   0.0 |     9
        Lair:1 |       0 |    3145 |   0.0 |       0 |      10 |   0.0 |  1509
        Lair:2 |       0 |    3793 |   0.0 |       0 |      19 |   0.0 |  1930
        Lair:3 |       0 |     877 |   0.0 |       0 |       5 |   0.0 |   205
         Sewer |       0 |     389 |   0.0 |       0 |      26 |   0.0 |   790
       Ossuary |       0 |     183 |   0.0 |       0 |      26 |   0.0 |   556
               +---------+---------+-------+---------+---------+-------+---------
